 Dungeon Crawl Stone Soup version 0.20.1-1-g8b1a95d (webtiles) character file.

275 karf the Conjurer (level 6, 0/32 HPs)
             Began as a Tengu Wizard on Oct 27, 2017.
             Slain by an ice beast (6 damage)
             ... on level 5 of the Dungeon.
             The game lasted 00:16:11 (4169 turns).

karf the Conjurer (Tengu Wizard)                    Turns: 4169, Time: 00:16:12

Health: 0/32       AC:  3    Str:  7    XL:     6   Next: 25%
Magic:  0/12       EV: 13    Int: 21    God:
Gold:   95         SH:  0    Dex: 12    Spells: 4/12 levels left

rFire    . . .     SeeInvis .   k - +0 dagger
rCold    . . .     Gourm    .   (no shield)
rNeg     . . .     Faith    .   a - +0 robe
rPois    +         Spirit   .   b - +0 hat
rElec    .         Reflect  .   o - +0 cloak
rCorr    .         Harm     .   (no gloves)
MR       .....                  (boots unavailable)
Stlth    ++........             (no amulet)
Regen    0.1/turn               (no ring)
MPRegen  0.2/turn               l - ring of poison resistance

@: very slightly contaminated
A: beak, talons 3, able to fly 1
a: Fly


You were on level 5 of the Dungeon.
You were not hungry.

You visited 1 branch of the dungeon, and saw 6 of its levels.

You collected 95 gold pieces.

Inventory:

Hand Weapons
 k - a +0 dagger (weapon)
Missiles
 w - 4 tomahawks of returning (quivered)
Armour
 a - a +0 robe (worn)
 b - a +0 hat (worn)
 o - a +0 cloak (worn)
Jewellery
 h - an uncursed ring of ice
 l - a ring of poison resistance (right hand)
Scrolls
 g - a scroll of amnesia {unknown}
 j - a scroll of remove curse {unknown}
 p - a scroll of fog {unknown}
 q - 4 scrolls of enchant weapon {unknown}
 t - 2 scrolls of identify {unknown}
Potions
 e - 2 potions of brilliance {unknown}
 f - a potion of mutation {unknown}
 i - 2 potions of flight {unknown}
 m - a potion of berserk rage {unknown}
 u - a potion of heal wounds
Books
 c - a book of Minor Magic

   Spells                             Type                      Level
   a - Magic Dart                     Conjuration                  1
   b - Blink                          Translocation                2
   c - Call Imp                       Summoning                    2
   d - Slow                           Hexes                        2
   e - Conjure Flame                  Conjuration/Fire             3
   f - Mephitic Cloud                 Conjuration/Poison/Air       3
Comestibles
 d - 2 bread rations
 n - 4 fruits
 s - 3 royal jellies
 v - 2 meat rations


   Skills:
 - Level 3.5 Dodging
 - Level 3.2 Stealth
 + Level 3.9 Spellcasting
 * Level 5.2 Conjurations
 + Level 1.3 Summonings
 + Level 0.7 Translocations
 + Level 0.2 Fire Magic


You had 4 spell levels left.
You knew the following spells:

 Your Spells              Type           Power        Failure   Level  Hunger
a - Magic Dart            Conj           ####         1%          1    None
b - Conjure Flame         Conj/Fire      ###.....     12%         3    ###....
c - Blink                 Tloc           N/A          14%         2    #......
d - Call Imp              Summ           #.......     11%         2    #......


Dungeon Overview and Level Annotations

Branches:
Dungeon (6/15)
 Temple: D:4-7

Altars:
Makhleb

Annotations:
D:3 keltmir's ghost, amateur MiGl
D:6 Sigmund


Innate Abilities, Weirdness & Mutations

You have a beak for a mouth.
You have claws for feet.
You can fly.


Message History

The ice beast barely misses you.
You can't go up here!
Casting: Magic Dart
Confirm with . or Enter, or press ? or * to list all spells.
Aiming: Conjure Flame
Press: ? - help, Dir - move target cursor, p - ice beast The fire ignites!
An ogre comes into view. It is wielding a giant spiked club.
Casting: Conjure Flame
Confirm with . or Enter, or press ? or * to list all spells.
You miscast Blink.
You are very lightly contaminated with residual magic.
Strange energies run through your body.
Casting: Blink
Confirm with . or Enter, or press ? or * to list all spells.
You blink.
The ice beast hits you.
* * * LOW HITPOINT WARNING * * *
The ice beast freezes you.
You die...

#........# #.######..)..##
#........# #.# #####..##
#....>...# #.# #...#
#........###.##########.#.####
#.............................
#........###.############.#..#
#........# #..# ##.....
#........# ##O# #......
#####.#### #@##########...>..
#.## #.Y............... #..#
################## ##.###
#...# #####


You could see an ice beast and an ogre.

Vanquished Creatures
  A howler monkey (D:5)
  An orc wizard (D:5)
  An orc priest (D:5)
  An iguana (D:5)
  Terence (D:3)
  2 worker ants (D:5)
  An adder (D:2)
  2 worms (D:2)
  3 dart slugs
  A leopard gecko (D:2)
  3 orcs
  3 bats
  2 giant cockroaches
  7 goblins
  7 hobgoblins
  A jackal (D:3)
  A quokka (D:2)
  A frilled lizard (D:3)
  13 kobolds
  A leopard gecko skeleton (D:5)
  A quokka zombie (D:5)
  4 rats
58 creatures vanquished.

Notes
Turn   | Place    | Note
-------+----------+-------------------------------------------
     0 | D:1      | karf the Tengu Wizard began the quest for the Orb.
     0 | D:1      | Reached XP level 1. HP: 10/10 MP: 5/5
   244 | D:1      | Reached skill level 2 in Conjurations
   395 | D:1      | Reached XP level 2. HP: 13/15 MP: 0/7
  1149 | D:2      | Reached XP level 3. HP: 19/19 MP: 4/8
  1232 | D:2      | Reached skill level 3 in Conjurations
  2039 | D:3      | Reached XP level 4. HP: 24/24 MP: 3/9
  2232 | D:3      | Noticed Terence
  2263 | D:3      | Killed Terence
  2637 | D:3      | Noticed keltmir's ghost (amateur MiGl)
  3003 | D:3      | You fall through a shaft for 3 floors!
  3006 | D:6      | Noticed an orc warrior
  3036 | D:6      | Noticed Sigmund
  3048 | D:6      | HP: 1/24 [poisoned by a scorpion]
  3074 | D:5      | Entered Level 5 of the Dungeon
  3224 | D:5      | Reached skill level 4 in Conjurations
  3224 | D:5      | Gained mutation: You can fly. [Tengu growth]
  3224 | D:5      | Reached XP level 5. HP: 16/28 MP: 1/11
  3470 | D:4      | Found a burning altar of Makhleb.
  3644 | D:5      | Found a burning altar of Makhleb.
  3907 | D:5      | Reached XP level 6. HP: 15/32 MP: 0/12
  4085 | D:5      | Learned a level 3 spell: Conjure Flame
  4088 | D:5      | Learned a level 2 spell: Blink
  4091 | D:5      | Learned a level 2 spell: Call Imp
  4104 | D:5      | Noticed an ice beast
  4115 | D:5      | Reached skill level 5 in Conjurations
  4169 | D:5      | Slain by an ice beast

Skill      XL: |  1  2  3  4  5  6 |
---------------+-------------------+-----
Conjurations   | 2 3 4 5 |  5.2
Dodging        | 3 |  3.5
Stealth        | 3 |  3.2
Spellcasting   | |  3.9
Summonings     | |  1.3
Translocations | |  0.7
Fire Magic     | |  0.2

Action                   |  1- 3 |  4- 6 || total
-------------------------+-------+-------++-------
Melee: Unarmed           |     6 |       ||     6
       Kick              |     1 |     1 ||     2
       Peck              |     1 |       ||     1
       Dagger            |     1 |     2 ||     3
 Cast: Magic Dart        |   114 |   107 ||   221
       Conjure Flame     |       |     3 ||     3
       Blink             |       |     1 ||     1
  Use: Scroll            |       |     1 ||     1
       Potion            |       |     1 ||     1
  Eat: Chunk             |     3 |     2 ||     5
       Bread ration      |       |     1 ||     1
Armor: Robe              |     2 |     6 ||     8
Dodge: Dodged            |    19 |    34 ||    53
